 Dungeon Crawl Stone Soup version 0.18-a0-1560-ge216ca8 (webtiles) character file.

58 angel3174 the Sneak (level 3, 0/27 HPs)
             Began as a Vampire Assassin on Mar 12, 2016.
             Was an Initiate of Makhleb.
             Slain by a phantom (2 damage)
             ... on level 4 of the Dungeon.
             The game lasted 00:12:58 (1017 turns).

angel3174 the Sneak (Vampire Assassin)              Turns: 1017, Time: 00:12:58

Health: 0/27       AC:  4    Str: 10    XL:     3   Next: 76%
Magic:  3/3        EV: 11    Int: 13    God:    Makhleb [......]
Gold:   31         SH:  0    Dex: 16    Spells: 0 memorised, 2 levels left

rFire  . . .     SeeInvis +     a - +2 dagger
rCold  . . .     Gourm    .     l - +0 leather armour
rNeg   + . .     Faith    .     (no shield)
rPois  .         Spirit   .     (no helmet)
rElec  .         Dismiss  .     d - +0 cloak
rCorr  .         Reflect  .     (no gloves)
SustAt .         Harm     .     (no boots)
MR     .....                    (no amulet)
Stlth  ++++......               (no ring)
                                (no ring)

@: not resistant to hostile enchantments, stealthy
A: fangs 3, see invisible, unbreathing
a: Bat Form, Renounce Religion


You were on level 4 of the Dungeon.
You worshipped Makhleb.
Makhleb was noncommittal.
You were not thirsty.

You visited 1 branch of the dungeon, and saw 4 of its levels.

You collected 31 gold pieces.

Inventory:

Hand Weapons
 a - a +2 dagger (weapon)
 b - a +0 blowgun
 h - a +0 hunting sling
 n - a +0 whip
 q - a +0 dagger
 r - a +0 war axe
Missiles
 e - 12 poisoned needles (quivered)
 f - 2 curare-tipped needles
 k - 31 stones
 u - 19 arrows
Armour
 c - a +0 robe
 d - a +0 cloak (worn)
 l - a +0 leather armour (worn)
 s - a +0 scale mail
Scrolls
 j - a scroll of identify {unknown}
 t - a scroll of teleportation {unknown}
Potions
 g - a potion of blood
 p - 3 potions of curing {unknown}
Comestibles
 i - a royal jelly
 m - a slice of pizza
 o - a meat ration


   Skills:
 + Level 2.1 Fighting
 + Level 2.2 Short Blades
 + Level 1.7 Throwing
 + Level 0.1 Armour
 + Level 1.4 Dodging
 + Level 7.5 Stealth


You had 2 spell levels left.
You didn't know any spells.

Dungeon Overview and Level Annotations

Branches:
Dungeon (4/15)
 Temple: D:4-7

Altars:
Makhleb
Sif Muna


Innate Abilities, Weirdness & Mutations

You have razor-sharp teeth.
You have supernaturally acute eyesight.
You can survive without breathing.


Message History

The phantom is severely damaged.
The phantom barely misses you.
Okay, then.
You closely miss the phantom.
The phantom is severely damaged.
The phantom blinks!
You see here a poisoned needle.
You hit the phantom.
The phantom is almost destroyed.
You closely miss the phantom.
The phantom is almost destroyed.
The phantom hits you.
* * * LOW HITPOINT WARNING * * *
You closely miss the phantom.
The phantom is almost destroyed.
The phantom hits you but does no damage.
You hit the phantom but do no damage.
The phantom is almost destroyed.
The phantom hits you.
You die...

*##** *,,**
##.,,** **,,**
* #..*,,**
*,,,****
#..**,,**
**...##,
#.#***,,**
##...., **#***
#.#
*,,,***.....*
*,..,** #.#
**,,,,,,...#*
*,*#.,* #(##
*******#..#
****#.** #@.###
#..#
#..**##W...##
*#.##
#(..##......##
#..#
#............#
#...
##(.....♣♣.♣♣#
#..†
#(.....♣#'#
##.#
#....##♣#_#
#### ##.#
**#...## #'#
#..#####..#
*....(*
♣.♣♣#.........≈


You could see a phantom.

Vanquished Creatures
  A worker ant (D:4)
  An adder skeleton (D:4)
  2 worms (D:4)
  2 dart slugs
  A giant gecko (D:1)
  2 bats
  2 giant cockroaches
  2 goblins
  A hobgoblin (D:2)
  A giant gecko skeleton (D:4)
  A giant newt (D:3)
  5 kobolds
  3 rats
24 creatures vanquished.

Notes
Turn   | Place    | Note
--------------------------------------------------------------
     0 | D:1      | angel3174 the Vampire Assassin began the quest for the Orb.
     0 | D:1      | Reached XP level 1. HP: 16/16 MP: 1/1
    82 | D:1      | Reached skill level 6 in Stealth
   226 | D:2      | Reached XP level 2. HP: 16/22 MP: 2/2
   388 | D:2      | Reached skill level 7 in Stealth
   616 | D:4      | Reached XP level 3. HP: 27/27 MP: 3/3
   690 | D:4      | Found a deep blue altar of Sif Muna.
   943 | D:4      | Found a burning altar of Makhleb.
   946 | D:4      | Became a worshipper of Makhleb the Destroyer
   947 | D:4      | Noticed a phantom
   997 | D:4      | HP: 1/27 [phantom (8)]
  1017 | D:4      | Slain by a phantom

Vault maps used:
D:1:      zaba_arrival_water
D:2:      nicolae_ru_great_annihilating_truth
D:3:      nicolae_overflow_crystal_walls, first_bread, lemuel_old_faithful,
          uniq_jessica
D:4:      kennysheep_mini_moat, led_sif_book, minmay_misc_feat_enclosed,
          grunt_decor_cap, uniq_natasha, uniq_robin, uniq_menkaure, uniq_sigmund

Skill      XL: |  1  2 |
---------------+-------+-----
Stealth        | 6 7 |  7.5
Fighting       | 2 |  2.1
Short Blades   | |  2.2
Throwing       | |  1.7
Armour         | |  0.1
Dodging        | |  1.4

Action                   || total
-------------------------++-------
Melee: Dagger            ||    67
       Whip              ||     6
       Hunting sling     ||     1
 Fire: Hunting sling     ||    24
       Blowgun           ||     3
  Use: Scroll            ||     2
 Stab: Sleeping          ||     7
  Eat: Corpse            ||     4
